 Dungeon Crawl Stone Soup version 0.24-a0-123-ga2403f3 (console) character file.

Game seed: 0

177 Duffy the Chopper (level 5, -5/45 HPs)
             Began as a Naga Gladiator on Feb 21, 2019.
             Was an Initiate of Cheibriados.
             Slain by a gnoll
             ... wielding a +0 flail
              (12 damage)
             ... on level 4 of the Dungeon.
             The game lasted 00:02:54 (2224 turns).

Duffy the Chopper (Naga Gladiator)                  Turns: 2224, Time: 00:02:55

Health: -5/45      AC:  5    Str: 18    XL:     5   Next: 57%
Magic:  5/5        EV: 10    Int: 10    God:    Cheibriados [......]
Gold:   30         SH:  0    Dex: 13    Spells: 4/4 levels left

rFire    . . .     SeeInvis +   a - +0 war axe
rCold    + + .     Gourm    .   (no shield)
rNeg     . . .     Faith    .   b - +0 leather armour
rPois    +         Spirit   .   c - +0 helmet
rElec    .         Reflect  .   (no cloak)
rCorr    .         Harm     .   k - +0 pair of gloves
MR       .....                  (no barding)
Stlth    +.........             (no amulet)
HPRegen  0.15/turn              j - ring of protection from cold
MPRegen  0.09/turn              m - ring of protection from cold

@: short of breath, very slow
A: large, see invisible, deformed body, poison resistance, slowness 2, slow
metabolism 1, spit poison 1, AC +1
a: Spit Poison, Bend Time, Renounce Religion


You were on level 4 of the Dungeon.
You worshipped Cheibriados.
Cheibriados was noncommittal.
You were hungry.

You visited 2 branches of the dungeon, and saw 4 of its levels.

You collected 120 gold pieces.
You spent 90 gold pieces at shops.

Inventory:

Hand Weapons
 a - a +0 war axe (weapon)
Missiles
 d - 3 throwing nets (quivered)
Armour
 b - a +0 leather armour (worn)
 c - a +0 helmet (worn)
 k - a +0 pair of gloves (worn)
Jewellery
 j - a ring of protection from cold (left hand)
 m - a ring of protection from cold (right hand)
Wands
 p - a wand of polymorph (4)
Scrolls
 e - a scroll of identify {unknown}
 n - a scroll of amnesia {unknown}
 o - a scroll of immolation {unknown}
Potions
 g - a potion of flight {unknown}
 h - 2 potions of resistance {unknown}
 i - a potion of curing
 q - a potion of lignification {unknown}
Comestibles
 f - 4 rations
 l - 4 chunks of flesh


   Skills:
 - Level 2.0 Fighting
 + Level 6.0 Axes
 - Level 1.7 Throwing
 + Level 2.5 Dodging
 + Level 0.5 Invocations


You had 4 spell levels left.
You didn't know any spells.
Your spell library was empty.

Dungeon Overview and Level Annotations

Branches:
Dungeon (4/15)             Temple (1/1) D:4

Altars:
Cheibriados
Dithmenos
Elyvilon
Gozag
Kikubaaqudgha
Makhleb
Nemelex Xobeh
Okawaru
Qazlal
Sif Muna
Uskayaw
Vehumet
Wu Jian
Xom
Yredelemnul
Zin


Innate Abilities, Weirdness & Mutations

You cannot wear boots.
Your serpentine skin is tough. (AC +1)
You have supernaturally acute eyesight. (SInv)
Armour fits poorly on your strangely shaped body.
Your system is resistant to poisons. (rPois)
You cover ground very slowly.
You have a slow metabolism.
You can spit poison.


Message History

You hit the gnoll.
The gnoll is severely wounded.
The gnoll hits you with a +0 whip. The gnoll hits you with a +0 flail!
The gnoll hits you with a +0 flail. The gnoll hits you with a +0 whip.
The gnoll barely misses you.
Press: ? - help, Shift-Dir - straight line, f - gnoll
Aim: a gnoll, wielding a +0 flail (severely wounded)
The splash of poison misses the gnoll.
You feel slightly more hungry. The gnoll hits you with a +0 flail.
The gnoll hits you but does no damage. The gnoll barely misses you.
You closely miss the gnoll.
The gnoll is heavily wounded.
You barely miss the gnoll. You closely miss the gnoll.
The gnoll hits you with a +0 whip. The gnoll barely misses you.
The gnoll closely misses you.
You hit the gnoll but do no damage. You closely miss the gnoll. x2
The gnoll closely misses you. The gnoll barely misses you.
The gnoll hits you with a +0 flail. The gnoll hits you but does no damage.
You feel better. The gnoll hits you with a +0 flail!
You die...

..........#
..###...
..........# +#.#
..........# #.#
..........# #.#
.........# # ...
..##....## ..#
..
...##....##.....
.......g........
...####@####...#
.. #..gg.# .#
#.......#
#.......#
....._.....
..#.......#..
...#.......#...
.. ##.....## ..


You could see 3 gnolls.

Vanquished Creatures
  Jessica (D:2)
  Terence (D:2)
  An iguana (D:4)
  A worker ant (D:4)
  2 adders (D:2)
  A worm (D:2)
  4 dart slugs
  2 leopard geckos
  2 ball pythons
  5 giant cockroaches
  6 goblins
  6 hobgoblins
  5 kobolds
  6 bats
  4 frilled lizards
  7 rats
54 creatures vanquished.

Notes
Turn   | Place    | Note
-------+----------+-------------------------------------------
     0 | D:1      | Duffy the Naga Gladiator began the quest for the Orb.
     0 | D:1      | Reached XP level 1. HP: 19/19 MP: 1/1
   140 | D:1      | Reached XP level 2. HP: 24/26 MP: 2/2
   398 | D:1      | Reached skill level 4 in Axes
   540 | D:1      | Reached XP level 3. HP: 31/32 MP: 3/3
  1380 | D:2      | Noticed Jessica
  1385 | D:2      | Killed Jessica
  1385 | D:2      | Reached skill level 5 in Axes
  1385 | D:2      | Reached XP level 4. HP: 39/39 MP: 4/4
  1608 | D:2      | Found Zin's Purification Station.
  1627 | D:2      | Found a glowing silver altar of Zin.
  1633 | D:2      | Bought a potion of curing for 90 gold pieces
  1787 | D:2      | Noticed Terence
  1802 | D:2      | Killed Terence
  1802 | D:2      | Reached XP level 5. HP: 35/45 MP: 5/5
  2008 | D:2      | You fall through a shaft for 2 floors!
  2035 | D:4      | Found a staircase to the Ecumenical Temple.
  2042 | Temple   | Entered the Ecumenical Temple
  2147 | Temple   | Became a worshipper of Cheibriados the Contemplative
  2207 | D:4      | Found an opulent altar of Gozag.
  2213 | D:4      | Reached skill level 6 in Axes
  2222 | D:4      | HP: 2/45 [gnoll/+0 whip (5)]
  2224 | D:4      | Slain by a gnoll

Levels and vault maps discovered:
D:1:      saegor_arrival_simple_a, layout_basic
D:2:      layout_basic, zin_purify, item_on_display_b, uniq_terence,
          uniq_jessica
D:4:      cheibrodos_barr_body, layout_gridville, fedhas_altar_3,
          old_standard_altar, bloody_trog, minmay_temple_entry_overgrown,
          item_on_display_a
Temple:   jpeg_temple_clearing

Skill      XL: |  1  2  3  4  5 |
---------------+----------------+-----
Axes           | 4 5 6 |  6.0
Fighting       | |  2.0
Throwing       | |  1.7
Dodging        | |  2.5
Invocations    | |  0.5

Action                   |  1- 3 |  4- 6 || total
-------------------------+-------+-------++-------
Melee: War axe           |    97 |    49 ||   146
       Unarmed           |       |     6 ||     6
 Abil: Spit Poison       |     3 |     4 ||     7
  Use: Potion            |       |     1 ||     1
  Eat: Chunk             |     1 |     2 ||     3
Armor: Leather armour    |    38 |    19 ||    57
Dodge: Dodged            |    50 |    41 ||    91

Table legend:
 A = Non-vault XP
 B = Vault XP
 C = Vault XP percentage of total XP
 D = Non-vault monster count
 E = Vault monster count
 F = Vault count percentage of total count
                 A         B        C        D         E       F
            +---------+---------+-------+---------+---------+-------
      Total |     181 |      73 |  28.7 |      52 |       2 |   3.7
            +---------+---------+-------+---------+---------+-------
        D:1 |      37 |       0 |   0.0 |      23 |       0 |   0.0
        D:2 |      77 |      73 |  48.7 |      26 |       2 |   7.1
        D:4 |      67 |       0 |   0.0 |       3 |       0 |   0.0
            +---------+---------+-------+---------+---------+-------
